 Dungeon Crawl Stone Soup version 0.31.0-11-ge490571c62 (webtiles) character file.

Game seed: 13281624031694799094

32 qw the Shooter (level 3, -2/18 HPs)
             Began as a Spriggan Hunter on Feb 4, 2024.
             Slain by a sleepcap (16 damage)
             ... on level 2 of the Dungeon.
             The game lasted 00:00:02 (731 turns).

qw the Shooter (Spriggan Hunter)                     Turns: 731, Time: 00:00:03

Health: -2/18      AC:  2    Str:  7    XL:     3   Next: 10%
Magic:  4/4        EV:  4    Int: 10    God:
Gold:   0          SH:  0    Dex: 20    Spells: 2/2 levels left

rFire   . . .        a - +0 shortbow
rCold   . . .        (shield currently unavailable)
rNeg    . . .        c - +0 robe
rPois   .            (helmet restricted)
rElec   .            (no cloak)
rCorr   .            (gloves unavailable)
SInv    +            (boots unavailable)
Will    .....        (no amulet)
Stlth   ++           (no ring)
HPRegen 0.23/turn    (no ring)
MPRegen 0.09/turn

%: no passive effects
@: sleeping, very quick
A: very small, no large weapons, unfitting armour, see invisible, speed 3
a: no special abilities


You were on level 2 of the Dungeon.
You visited 1 branch of the dungeon, and saw 2 of its levels.


Innate Abilities, Weirdness & Mutations

You are very small and have problems with some larger weapons.
You are too small for most types of armour.
You have supernaturally acute eyesight. (SInv)
You cover ground extremely quickly. (Speed+++)


   Skills:
 - Level 1.5 Fighting
 + Level 4.5 Ranged Weapons
 - Level 4.0 Dodging
 - Level 1.5 Stealth


You had 2 spell levels left.
You didn't know any spells.
Your spell library was empty.

Inventory:

Hand Weapons
 a - a +0 shortbow (weapon)
Armour
 c - a +0 robe (worn)
Scrolls
 b - a scroll of identify
 d - a scroll of teleportation
Potions
 e - 2 potions of curing

Dungeon Overview and Level Annotations

Branches:
Dungeon (2/15)

Altars:


Message History

The arrow barely misses the ribbon worm.
The ribbon worm expels a string of sticky webbing.
The stream of webbing hits you but does no damage.
You are caught in a web!
You struggle to detach yourself from the web.
The web tears apart.
You shoot an arrow. The arrow hits the ribbon worm.
The ribbon worm is almost dead.
You shoot an arrow. The arrow hits the ribbon worm.
You kill the ribbon worm!
You see here a ribbon worm corpse.
d - a scroll of teleportation You see here a +0 chain mail.
Found a stone staircase leading down.
Found 2 stones.
There is a stone staircase leading down here.
Found 6 stones.
There is a shaft here.
You see here a +0 chain mail.
A sleepcap comes into view.
You shoot an arrow. The arrow hits the sleepcap!
The sleepcap is moderately damaged.
You shoot an arrow.
The arrow hits the sleepcap but does no damage.
The sleepcap is moderately damaged.
You shoot an arrow.
The arrow hits the sleepcap but does no damage.
The sleepcap is moderately damaged.
You shoot an arrow. The arrow hits the sleepcap.
The sleepcap is heavily damaged.
You shoot an arrow.
The arrow hits the sleepcap but does no damage.
The sleepcap is heavily damaged.
You shoot an arrow. The arrow hits the sleepcap.
The sleepcap is heavily damaged.
The sleepcap releases spores at you.
You are engulfed in a cloud of soporific spores!
You fall asleep.
The sleepcap releases spores at you!
Ouch! That really hurt!
You die...

......# ....... .......
### ....... .. ........
.# #.....##.##
##.#.f##...
#######!...#@#.# .#
#.....#....##..# .#
#.###.#........# .#
#..##.#....###.# .#
##.##.########.# .#
#.##........#.# .#
#.#########.#.#######.#
#.........#.#.......>.#
#%##.....)%.....#.##<##


You could see a sleepcap.

Vanquished Creatures
  A ribbon worm (D:2)
  3 bats (D:1)
  3 endoplasms (D:1)
  A giant cockroach (D:1)
  5 goblins (D:1)
  2 hobgoblins (D:1)
  5 ball pythons (D:1)
  A frilled lizard (D:2)
  3 kobolds
  3 rats (D:1)
27 creatures vanquished.

Notes
Turn   | Place    | Note
-------+----------+-------------------------------------------
     0 | D:1      | qw the Spriggan Hunter began the quest for the Orb.
     0 | D:1      | Reached XP level 1. HP: 10/10 MP: 2/2
     0 | D:1      | 0 ||| qw: Version: 0.3-a-160-g6735b56
     0 | D:1      | 0 ||| qw: Game counter: 5828
     0 | D:1      | 0 ||| qw: Melee chars always use a shield: true
     0 | D:1      | 0 ||| qw: God list: Okawaru
     0 | D:1      | 0 ||| qw: Allow faded altars: false
     0 | D:1      | 0 ||| qw: Do Orc after clearing Dungeon:15 true
     0 | D:1      | 0 ||| qw: Do second Lair branch before Depths: true
     0 | D:1      | 0 ||| qw: Lair rune preference: random
     0 | D:1      | 0 ||| qw: Goals: Normal
     0 | D:1      | 0 ||| PLANNING D:1-11
    44 | D:1      | Reached skill level 3 in Dodging
   142 | D:1      | Reached XP level 2. HP: 14/14 MP: 3/3
   602 | D:1      | 602 ||| DROPPING +6 ring of intelligence.
   603 | D:1      | 603 ||| READING scroll labelled CUICUASALU.
   607 | D:1      | 607 ||| READING scroll labelled VIGANU NOIMO.
   607 | D:1      | 607 ||| IDENTIFYING 2 coppery potions
   608 | D:1      | 608 ||| DROPPING scroll of butterflies.
   638 | D:2      | Reached XP level 3. HP: 18/18 MP: 4/4
   731 | D:2      | Slain by a sleepcap

Levels and vault maps discovered:
D:1:      minmay_arrival_split_and_join, layout_basic, minmay_shallow_snake_nest
D:2:      layout_loops_ring, hellmonk_ecumenical_altar_heavens_door,
          serial_co_window_serial, co_window_corner_a, co_window_corner_a,
          co_window_corner_a, co_window_paths_a, co_window_paths_b,
          co_window_corner_a, co_window_corner_a, co_window_paths_a,
          co_window_paths_a, co_window_of_opportunity_c, co_window_2corner,
          co_window_corner_ca, co_window_4corner_a, co_window_4corner_b,
          glass_columns_a, minmay_misc_feat_chi

Skill      XL: |  1  2 |
---------------+-------+-----
Dodging        | 3 4 |  4.0
Fighting       | |  1.5
Ranged Weapons | |  4.5
Stealth        | |  1.5

Action                     || total
---------------------------++-------
   Fire: Shortbow          ||    82
    Use: Scroll            ||     2
 Armour: Robe              ||     6
  Dodge: Dodged            ||    16

Table legend:
 A = Non-vault XP
 B = Vault XP
 C = Vault XP percentage of total XP
 D = Non-vault monster count
 E = Vault monster count
 F = Vault count percentage of total count
                 A         B        C        D         E       F
            +---------+---------+-------+---------+---------+-------
      Total |      43 |       4 |   8.5 |      24 |       3 |  11.1
            +---------+---------+-------+---------+---------+-------
        D:1 |      36 |       4 |  10.0 |      21 |       3 |  12.5
        D:2 |       7 |       0 |   0.0 |       3 |       0 |   0.0
            +---------+---------+-------+---------+---------+-------
